 Dungeon Crawl Stone Soup version 0.21.1-1-g345015f (webtiles) character file.

280 letownia3 the Conjurer (level 6, 33/43 HPs)
             Began as a Demonspawn Wizard on Feb 5, 2018.
             Quit the game on level 4 of the Dungeon.
             The game lasted 00:11:37 (3771 turns).

letownia3 the Conjurer (Demonspawn Wizard)          Turns: 3771, Time: 00:11:38

Health: 33/43      AC:  2    Str: 10    XL:     6   Next: 5%
Magic:  10/10      EV: 12    Int: 19    God:
Gold:   125        SH:  0    Dex: 11    Spells: 2/11 levels left

rFire    . . .     SeeInvis .     - Unarmed
rCold    . . .     Gourm    .   (no shield)
rNeg     . . .     Faith    .   a - +0 robe
rPois    .         Spirit   .   b - +0 hat
rElec    .         Reflect  .   (no cloak)
rCorr    .         Harm     .   (no gloves)
MR       .....                  (no boots)
Stlth    ++........             (no amulet)
HPRegen  0.14/turn              (no ring)
MPRegen  0.12/turn              (no ring)

@: no status effects
A: claws 2, demonic guardian 1, spiny 1
a: no special abilities


You were on level 4 of the Dungeon.
You were not hungry.

You visited 1 branch of the dungeon, and saw 4 of its levels.

You collected 125 gold pieces.

Inventory:

Hand Weapons
 e - a +0 short sword
Missiles
 p - 4 tomahawks (quivered)
Armour
 a - a +0 robe (worn)
 b - a +0 hat (worn)
 h - a +0 ring mail
 i - a +2 ring mail of cold resistance
Scrolls
 f - 2 scrolls of teleportation {unknown}
 g - 2 scrolls of remove curse {unknown}
 j - 4 scrolls of identify {unknown}
 l - a scroll of fog {unknown}
 m - a scroll of random uselessness {unknown}
 n - a scroll of fear {unknown}
 q - 2 scrolls of magic mapping {unknown}
Potions
 k - a potion of brilliance {unknown}
Books
 c - a book of Minor Magic

   Spells                             Type                      Level
   a - Magic Dart                     Conjuration                  1
   b - Blink                          Translocation                2
   c - Call Imp                       Summoning                    2
   d - Slow                           Hexes                        2
   e - Conjure Flame                  Conjuration/Fire             3
   f - Mephitic Cloud                 Conjuration/Poison/Air       3
Comestibles
 d - 4 rations
 o - 3 chunks of flesh


   Skills:
 - Level 1.0 Fighting
 - Level 1.7 Dodging
 - Level 1.7 Stealth
 + Level 1.3 Unarmed Combat
 - Level 3.0 Spellcasting
 - Level 3.3 Conjurations
   Level 1.0 Summonings
 + Level 1.3 Translocations
 + Level 2.0 Fire Magic
 + Level 2.0 Air Magic
 - Level 2.0 Poison Magic


You had 2 spell levels left.
You knew the following spells:

 Your Spells              Type           Power        Failure   Level  Hunger
a - Magic Dart            Conj           ###.         3%          1    None
b - Blink                 Tloc           N/A          13%         2    ##.....
c - Conjure Flame         Conj/Fire      ##......     16%         3    ###....
e - Mephitic Cloud        Conj/Pois/Air  ##......     16%         3    ###....


Dungeon Overview and Level Annotations

Branches:
Dungeon (4/15)
 Temple: D:4-7

Altars:

Annotations:
D:2 Jessica
D:3 Natasha, Terence


Innate Abilities, Weirdness & Mutations

You have very sharp fingernails.
A weak demonic guardian rushes to your aid.
You are partially covered in sharp spines.


Message History

You feel the presence of a demonic guardian.
Unknown command.
You see here a hound corpse.
You butcher the hound corpse.
o - 3 chunks of flesh Your magical contamination has completely faded away.
You see here a frilled lizard corpse.
You butcher the frilled lizard corpse.
o - 4 chunks of flesh (gained 1)
You see here a frilled lizard skeleton.
p - 4 tomahawks (gained 1)
q - 2 scrolls labeled RONANU CUSK (gained 1)
You start resting.
Eating one of 4 chunks of flesh.
You eat one of the 4 chunks of flesh.
This raw flesh tastes terrible.
Magic restored.
Unknown command.
Okay, then.
You aren't carrying any pieces of jewellery.
Unknown command.
Are you sure you want to abandon this character and quit the game? (Confirm with "yes".)

###.............> ....
#....##........ ......
#....########## ......
#....# #######......
#....#######............
#.......................
##...................#
#............รท......#
#.........@.........#
#####################


There were no monsters in sight!

Vanquished Creatures
  2 hounds (D:4)
  2 centaur skeletons (D:4)
  Natasha (twice) (D:3)
  A worker ant (D:4)
  2 gnolls (D:1)
  3 adders
  2 worms (D:2)
  7 orcs
  3 bats
  3 giant cockroaches
  2 hobgoblins
  4 jackals
  4 kobolds
  A ball python (D:2)
  3 frilled lizards
  2 goblins
  A leopard gecko skeleton (D:4)
  3 rats
47 creatures vanquished.

Notes
Turn   | Place    | Note
-------+----------+-------------------------------------------
     0 | D:1      | letownia3 the Demonspawn Wizard began the quest for the Orb.
     0 | D:1      | Reached XP level 1. HP: 13/13 MP: 4/4
   250 | D:3      | Noticed Terence
   374 | D:3      | Noticed Natasha
   686 | D:2      | Gained mutation: You have sharp fingernails. [demonic ancestry]
   686 | D:2      | Reached XP level 2. HP: 9/19 MP: 1/6
  1344 | D:2      | Noticed Jessica
  2014 | D:3      | Noticed a crimson imp
  2014 | D:3      | Killed Natasha
  2014 | D:3      | Reached XP level 3. HP: 24/24 MP: 0/7
  2021 | D:2      | Learned a level 3 spell: Mephitic Cloud
  2025 | D:2      | Learned a level 3 spell: Conjure Flame
  2249 | D:3      | Noticed Natasha
  2274 | D:3      | Killed Natasha
  2274 | D:3      | Reached skill level 1 in Poison Magic
  2274 | D:3      | Gained mutation: You have very sharp fingernails. [demonic ancestry]
  2274 | D:3      | Reached XP level 4. HP: 9/30 MP: 0/8
  2286 | D:3      | Noticed Natasha
  2291 | D:2      | HP: 1/30 [jackal (3)]
  2729 | D:1      | Reached skill level 1 in Fire Magic
  2729 | D:1      | Reached skill level 1 in Air Magic
  3323 | D:4      | Gained mutation: You are partially covered in sharp spines. [demonic ancestry]
  3323 | D:4      | Reached XP level 5. HP: 30/36 MP: 3/9
  3386 | D:4      | Reached skill level 1 in Fighting
  3390 | D:4      | Learned a level 2 spell: Blink
  3485 | D:4      | Reached skill level 1 in Unarmed Combat
  3485 | D:4      | Reached skill level 1 in Translocations
  3711 | D:4      | Gained mutation: A weak demonic guardian rushes to your aid. [demonic ancestry]
  3711 | D:4      | Reached XP level 6. HP: 24/43 MP: 2/10
  3771 | D:4      | Quit the game

Skill      XL: |  1  2  3  4  5 |
---------------+----------------+-----
Conjurations   | 2 3 |  3.3
Poison Magic   | 1 2 |  2.0
Fire Magic     | 1 2 |  2.0
Air Magic      | 1 2 |  2.0
Fighting       | 1 |  1.0
Unarmed Combat | 1 |  1.3
Translocations | 1 |  1.3
Dodging        | |  1.7
Stealth        | |  1.7
Spellcasting   | |  3.0
Summonings     | |  1.0

Action                   |  1- 3 |  4- 6 || total
-------------------------+-------+-------++-------
Melee: Unarmed           |    10 |    82 ||    92
       Short sword       |    13 |     2 ||    15
Throw: Tomahawk          |       |     5 ||     5
 Cast: Magic Dart        |    67 |    34 ||   101
       Mephitic Cloud    |     1 |     7 ||     8
       Conjure Flame     |       |     2 ||     2
  Use: Potion            |     1 |     1 ||     2
 Stab: Confused          |       |     6 ||     6
  Eat: Chunk             |     4 |     3 ||     7
       Ration            |       |     1 ||     1
Armor: Robe              |     9 |    11 ||    20
Dodge: Dodged            |    35 |    49 ||    84
